Map: Cyber Forest LE

Players

TiPtOP

  • Race: Terran Terran
  • League: Silver
  • Spawn Location: 11:00

SMKZ - Winner!

  • Race: Terran Terran
  • Spawn Location: 5:00

VOD

Have the link to the VOD?

Description

Time

  • Played on: May 7, 2019, 8:02 a.m.
  • Length: 15:41
Show
View Real Time Build Order
Export as new Build Order

TiPtOP Terran 

Build Orders: Gas First Reaper Expand 

Get SALT Encoding   

  12  0:01  SCV  
  13  0:15  SCV  
  14  0:21  Supply Depot  
  14  0:28  SCV  
  15  0:33  Refinery  
  15  0:43  SCV  
  15  0:49  Barracks  
  16  0:56  SCV  
  17  1:09  SCV  
  18  1:22  SCV  
  19  1:36  Reaper  
  19  1:37  Orbital Command  
  20  1:46  Supply Depot  
  20  2:04  SCV, Command Center  
  21  2:17  Barracks Reactor  
  21  2:24  Factory  
  21  2:25  SCV  
  22  2:34  Barracks  
  21  3:01  SCV  
  22  3:07  Marine x2  
  22  3:10  Factory Reactor  
  24  3:19  Starport  
  24  3:21  SCV  
  24  3:23  SCV  
  26  3:31  Marine x2  
  28  3:34  Supply Depot  
  28  3:38  SCV  
  28  3:40  SCV  
  30  3:59  Factory Tech Lab  
  30  4:01  Barracks Tech Lab  
  30  4:02  Marine  
  30  4:03  Marine  
  32  4:20  SCV x2  
  34  4:32  Medivac  
  34  4:36  SCV x2  
  38  4:50  Refinery  
  38  4:56  SCV x2  
  40  5:00  Medivac  
  42  5:09  SCV x2, Barracks  
  42  5:12  Marine x2  
  42  5:13  Marauder  
  48  5:24  Command Center  
  48  5:26  SCV  
  48  5:27  SCV  
  50  5:30  Marine x2  
  50  5:35  Marauder  
  54  5:55  Supply Depot  
  54  5:57  Supply Depot  
  54  6:03  Stimpack  
  54  6:05  Barracks Tech Lab  
  54  6:11  Barracks  
  54  6:16  Marine x2  
  54  6:17  Marauder  
  58  6:21  Supply Depot  
  58  6:26  Marauder, Supply Depot  
  58  6:30  Siege Tank  
  63  6:34  Marine x2  
  63  6:38  Marauder  
  67  6:47  SCV x2, Marauder  
  69  6:51  SCV  
  69  6:52  Marine  
  73  7:00  Supply Depot  
  73  7:04  Engineering Bay  
  73  7:07  Engineering Bay  
  73  7:26  SCV x3  
  76  7:54  Marine x3, Marauder x2  
  76  7:57  Terran Infantry Weapons Level 1  
  76  7:58  Terran Infantry Armor Level 1  
  83  8:02  Missile Turret  
  83  8:11  Missile Turret, SCV, Marine x2  
  83  8:12  SCV x2  
  88  8:14  Combat Shield  
  88  8:17  Concussive Shells, Missile Turret  
  88  8:18  Marine, Marauder x2  
  93  8:20  Siege Tank  
  96  8:29  Marine x2  
  98  8:34  Missile Turret  
  98  8:36  Marine  
  99  8:41  Missile Turret  
  89  9:00  Viking  
  89  9:02  SCV  
  92  9:09  Marauder  
  96  9:10  Marauder, Starport  
  96  9:14  SCV  
  97  9:22  Siege Tank  
  100  9:42  SCV x3  
  103  9:47  Refinery  
  103  9:48  Refinery  
  103  9:49  Marine  
  103  9:50  Marine x4  
  108  9:54  SCV  
  109  10:07  Refinery  
  109  10:08  Refinery  
  109  10:12  Supply Depot  
  109  10:26  Supply Depot  
  109  10:27  Supply Depot  
  109  10:29  Starport Reactor  
  109  10:33  Marine x5  
  109  10:34  SCV x2  
  116  10:37  Supply Depot  
  116  10:39  SCV  
  117  10:47  Viking, SCV x2, Cyclone  
  117  10:48  Supply Depot  
  124  10:51  Marine x2, Supply Depot  
  95  11:00  Supply Depot  
  77  11:13  Viking x2  
  77  11:15  Viking  
  83  11:21  Viking  
  85  11:43  Viking x2, Planetary Fortress  
  85  11:45  Viking, Missile Turret x2, Marine x5  
  85  11:46  Missile Turret  
  96  11:58  Viking  
  98  12:03  Marine x2  
  98  12:06  Missile Turret  
  100  12:13  Viking x2  
  100  12:15  Viking  
  106  12:28  Viking  
  91  13:24  Liberator  
  84  13:33  Marine x5  
  92  13:50  Marine  
  92  13:51  Marine x4  
  97  14:08  Marine x2  
  97  14:09  Marine x3  
  102  14:10  SCV  
  102  14:12  Command Center  
  102  14:15  Refinery  
  103  14:21  SCV  
  103  14:22  SCV  
  105  14:24  Command Center  
  105  14:26  Marine x3  
  105  14:27  Marine x2  
  110  14:33  Viking x2, SCV  
  110  14:34  SCV  
  110  14:38  Armory  
  116  14:44  Marine x5  
  116  14:45  SCV  
  122  14:46  SCV  
  123  15:02  Marine x5  
  94  15:19  Marine  
  94  15:20  Marine x3  
Show
View Real Time Build Order
Export as new Build Order

SMKZ Terran - Winner!

Build Orders:  

Get SALT Encoding   

  12  0:01  SCV  
  13  0:15  Supply Depot  
  13  0:18  SCV  
  14  0:29  Refinery  
  14  0:30  SCV  
  15  0:42  Barracks  
  15  0:46  SCV  
  16  0:58  SCV  
  16  1:02  Supply Depot  
  17  1:10  Refinery  
  17  1:11  SCV  
  18  1:23  SCV  
  19  1:30  Marine  
  20  1:35  SCV  
  20  1:39  Engineering Bay  
  21  1:44  Bunker  
  21  1:49  Marine  
  21  1:53  SCV  
  23  2:05  SCV  
  23  2:06  Marine  
  25  2:15  Factory  
  25  2:17  SCV  
  25  2:20  Supply Depot  
  26  2:24  Marine  
  27  2:43  Supply Depot  
  27  2:58  Marine  
  28  3:15  Factory Tech Lab  
  28  3:19  Command Center  
  28  3:27  Missile Turret  
  28  3:28  SCV  
  29  3:39  Missile Turret  
  29  3:40  SCV  
  30  3:52  Refinery, SCV  
  31  4:02  Missile Turret  
  31  4:04  SCV  
  31  4:05  Missile Turret  
  32  4:17  SCV  
  33  4:24  Siege Tank  
  36  4:25  Missile Turret  
  36  4:28  Marine  
  36  4:29  SCV  
  38  4:31  Hi-Sec Auto Tracking  
  38  4:42  Missile Turret  
  38  4:45  Starport  
  38  4:51  Refinery  
  38  4:53  Missile Turret  
  38  4:56  SCV  
  39  5:08  SCV  
  39  5:12  Armory  
  40  5:20  SCV  
  41  5:25  Siege Tank  
  44  5:32  SCV  
  44  5:35  SCV  
  46  5:39  Starport Tech Lab  
  46  5:44  Fusion Core, SCV  
  47  5:56  SCV  
  48  5:57  Siege Tank  
  51  6:08  SCV  
  52  6:20  SCV  
  53  6:33  SCV  
  53  6:35  Weapon Refit  
  54  6:41  Battlecruiser, Armory  
  54  6:45  Supply Depot  
  60  6:55  SCV  
  60  6:58  SCV  
  62  7:06  Starport  
  62  7:07  SCV  
  63  7:10  SCV  
  63  7:12  Terran Vehicle And Ship Armor Level 1  
  64  7:19  SCV  
  65  7:33  Terran Ship Weapons Level 1  
  65  7:52  Missile Turret, Starport Tech Lab  
  65  7:56  Bunker  
  65  8:12  Missile Turret, Command Center  
  65  8:32  Supply Depot  
  65  8:33  Supply Depot  
  65  8:35  Neosteel Armor, Supply Depot  
  65  8:37  Supply Depot  
  65  8:39  Siege Tank  
  68  8:44  Marine  
  69  8:49  Refinery  
  69  8:54  Battlecruiser  
  69  8:55  Battlecruiser  
  81  9:02  Marine, Supply Depot  
  82  9:14  Terran Vehicle And Ship Armor Level 2  
  82  9:19  Marine  
  83  9:24  Missile Turret  
  83  9:26  Refinery  
  83  9:38  Terran Ship Weapons Level 2, Starport  
  83  9:42  Planetary Fortress  
  83  9:48  Supply Depot  
  83  9:55  Marine  
  83  9:58  Battlecruiser  
  90  10:04  Battlecruiser  
  96  10:11  Missile Turret  
  96  10:49  Supply Depot  
  93  11:02  Battlecruiser  
  99  11:16  Siege Tank  
  102  11:30  SCV  
  103  11:41  Battlecruiser  
  103  11:42  SCV  
  103  11:45  Starport Tech Lab  
  110  11:48  Siege Tank  
  110  11:49  Supply Depot  
  113  12:12  Supply Depot  
  113  12:15  Battlecruiser x2  
  125  12:19  Terran Vehicle And Ship Armor Level 3  
  125  12:21  Terran Ship Weapons Level 3  
  125  12:46  Supply Depot  
  125  12:50  Battlecruiser  
  131  13:09  Supply Depot  
  125  13:37  Battlecruiser  
  125  13:38  Battlecruiser  
  137  13:59  Battlecruiser  
  143  14:20  Missile Turret  
  143  14:21  Missile Turret  
  143  14:24  Missile Turret  
  143  14:41  Missile Turret  
  143  14:43  Missile Turret  
  143  14:45  Missile Turret  
  143  14:47  Missile Turret  
  154  15:03  Supply Depot  
  154  15:04  Supply Depot  
  154  15:07  Supply Depot  
Tags
 
Add a new tag
Caveats
  • Supply blocks, unpowered buildings, or Contaminate may cause inaccurate times.
  • Supply counts are checked every 10 seconds.